 Dungeon Crawl Stone Soup version 0.18-a0-1551-g40744a8 (webtiles) character file.

175 Kidiri the Magician (level 5, -3/29 HPs)
             Began as a Deep Elf Fire Elementalist on Mar 11, 2016.
             Slain by a river rat (6 damage)
             ... in a sewer.
             The game lasted 00:12:02 (2980 turns).

Kidiri the Magician (Deep Elf Fire Elementalist)    Turns: 2980, Time: 00:12:02

Health: -3/29      AC:  3    Str:  5    XL:     5   Next: 29%
Magic:  9/13       EV: 10    Int: 21    God:
Gold:   86         SH:  0    Dex: 15    Spells: 4 memorised, 3 levels left

rFire  . . .     SeeInvis .     g - +0 dagger
rCold  . . .     Gourm    .     a - +0 robe
rNeg   . . .     Faith    .     (no shield)
rPois  +         Spirit   .     (no helmet)
rElec  .         Dismiss  .     o - +0 cloak
rCorr  .         Reflect  .     (no gloves)
SustAt .         Harm     .     (no boots)
MR     .....     Rnd*Tele +     (no amulet)
Stlth  +.........               e - ring of poison resistance
                                r - ring of teleportation (curse)

@: very slightly contaminated, hasted, constricted, very quick, not resistant to
hostile enchantments, very unstealthy
A: no striking features
a: no special abilities


You were in a sewer.
You were not hungry.

You visited 1 branch of the dungeon, and saw 3 of its levels.
You also visited: Sewer.

You collected 86 gold pieces.

Inventory:

Hand Weapons
 g - a +0 dagger (weapon)
Armour
 a - a +0 robe (worn)
 d - a +0 large shield
 o - a +0 cloak (worn)
Jewellery
 e - a ring of poison resistance (right hand)
 f - a +4 ring of slaying
 q - an uncursed ring of protection from magic
 r - a cursed ring of teleportation (left hand)
Potions
 i - a potion of might
 j - a potion of ambrosia
 k - a potion of haste
 l - a potion of brilliance {unknown}
 m - a potion of resistance {unknown}
 p - a potion of heal wounds {unknown}
Books
 b - a book of Flames

   Spells                             Type                      Level
   a - Flame Tongue                   Conjuration/Fire             1
   b - Throw Flame                    Conjuration/Fire             2
   c - Conjure Flame                  Conjuration/Fire             3
   d - Inner Flame                    Hexes/Fire                   3
   e - Sticky Flame                   Conjuration/Fire             4
   f - Fireball                       Conjuration/Fire             5
Comestibles
 c - a bread ration
 h - 5 chunks of flesh
 n - 5 fruits


   Skills:
 + Level 1.2 Fighting
 + Level 0.7 Armour
 + Level 2.9 Dodging
 + Level 3.4 Stealth
 + Level 0.4 Shields
 * Level 4.4 Spellcasting
 + Level 2.3 Conjurations
 + Level 1.5 Hexes
 + Level 3.7 Fire Magic


You had 3 spell levels left.
You knew the following spells:

 Your Spells              Type           Power        Failure   Level  Hunger
a - Flame Tongue          Conj/Fire      ###..        3%          1    None
b - Throw Flame           Conj/Fire      ###...       6%          2    #......
c - Conjure Flame         Conj/Fire      ###.....     12%         3    ##.....
d - Inner Flame           Hex/Fire       ###.....     14%         3    ##.....


Dungeon Overview and Level Annotations

Branches:
Dungeon (3/15)

Altars:


Message History

Okay, then.
Unknown command.
Unknown command.
Casting: Flame Tongue
Confirm with . or Enter, or press ? or * to list all spells.
Aiming: Conjure Flame
Press: ? - help, Dir - move target cursor, p - river rat The fire roars!
The ball python barely misses you.
The ball python bites you but does no damage.
The ball python constricts you. The river rat barely misses you.
The river rat bites you! The river rat bites you.
* * * LOW HITPOINT WARNING * * *
Unknown command.
Drink which item? (? for menu, Esc to quit)
It was a potion of haste.
You feel yourself speed up. The ball python closely misses you.
The ball python bites you but does no damage.
* * * LOW HITPOINT WARNING * * *
The ball python constricts you. The river rat bites you.
You die...

#≈≈≈≈≈≈#
#≈.≈≈≈≈#
#≈≈[!≈.#
#≈≈≈..≈#
#≈≈≈≈≈≈#
#≈≈≈≈≈≈#
#≈≈≈≈≈≈#
#≈≈≈≈≈≈#
#§r@r≈≈#


#rSSrr≈# ##lrrrr.# #.rSr..## #....r...# ..........## .........## .......###
S..J### You could see 5 river rats, 3 ball pythons, a giant newt and 7 rats.

Vanquished Creatures
  2 orc wizards (D:3)
  4 adders
  4 worms
  2 dart slugs
  4 giant geckos (D:3)
  An orc (D:3)
  4 giant cockroaches
  5 goblins
  6 hobgoblins
  4 jackals (D:3)
  A quokka (D:3)
  2 ball pythons (Sewer)
  7 bats
  3 giant newts
  8 kobolds
  8 rats
65 creatures vanquished.

Notes
Turn   | Place    | Note
--------------------------------------------------------------
     0 | D:1      | Kidiri the Deep Elf Fire Elementalist began the quest for the Orb.
     0 | D:1      | Reached XP level 1. HP: 10/10 MP: 6/6
   304 | D:1      | Reached XP level 2. HP: 15/15 MP: 6/8
   309 | D:1      | Learned a level 2 spell: Throw Flame
   912 | D:2      | Reached XP level 3. HP: 20/20 MP: 3/10
   918 | D:2      | Learned a level 3 spell: Conjure Flame
   922 | D:2      | Learned a level 3 spell: Inner Flame
  1274 | D:2      | Reached skill level 1 in Hexes
  1342 | D:2      | Reached skill level 1 in Fighting
  1908 | D:2      | Reached XP level 4. HP: 25/25 MP: 4/11
  2351 | D:3      | Reached skill level 4 in Spellcasting
  2513 | D:3      | Reached XP level 5. HP: 20/29 MP: 4/13
  2567 | D:3      | Found a glowing drain.
  2643 | Sewer    | Entered a sewer
  2980 | Sewer    | Slain by a river rat

Vault maps used:
D:1:      tarquinn_simple_flora_water_f, minmay_misc_feat_alley
D:3:      ecumenical_altar_1, gup_sewer_entry_pipe,
          nicolae_gozag_zags_fifth_avenue, uniq_sigmund
Sewer:    sewer_minmay_w

Skill      XL: |  1  2  3  4 |
---------------+-------------+-----
Hexes          | 1 |  1.5
Stealth        | 3 |  3.4
Fighting       | 1 |  1.2
Spellcasting   | 4 |  4.4
Conjurations   | 2 |  2.3
Armour         | |  0.7
Dodging        | |  2.9
Shields        | |  0.4
Fire Magic     | |  3.7

Action                   |  1- 3 |  4- 6 || total
-------------------------+-------+-------++-------
Melee: Unarmed           |     1 |       ||     1
       Dagger            |     4 |     3 ||     7
 Cast: Flame Tongue      |    59 |    43 ||   102
       Throw Flame       |    13 |     6 ||    19
       Conjure Flame     |       |     1 ||     1
  Use: Scroll            |     4 |       ||     4
       Potion            |       |     1 ||     1
 Stab: Sleeping          |     3 |       ||     3
  Eat: Chunk             |     3 |     4 ||     7
